[Event "Croatian 1A League 2022"]
[Site "Porec"]
[Date "2022.09.28"]
[Round "5.4"]
[White "Kuljasevic, Davorin"]
[Black "Zufic, Miroslav"]
[Result "1-0"]
[ECO "D37"]
[WhiteElo "2560"]
[BlackElo "2370"]
[Annotator "TA"]
[PlyCount "79"]
[EventDate "2022.09.24"]
[EventType "team-tourn"]
[EventCountry "CRO"]
[SourceTitle "playchess.com"]
[Source "ChessBase"]
[SourceQuality "1"]
[TimeControl "40/5400+30:1800+30"]

1. d4 Nf6 2. c4 e6 3. Nf3 d5 4. Nc3 Be7 5. Bf4 O-O 6. e3 b6 7. cxd5 Nxd5 8. Nxd5 exd5 9. Bd3 Bb4+ {[%emt 0:12:31] D37: Queen's Gambit Declined: 5 Bf4.} 10. Nd2 $1 Ba6 11. Bxa6 Nxa6 {[%emt 0:00:04] The position is equal.} 12. O-O Bd6 13. Bxd6 Qxd6 14. Qa4 {[%emt 0:00:28] [#]} Qb4 $146 (14... Nb4 $14) ({Predecessor:} 14... Nb4 15. a3 Nc6 16. Rac1 Ne7 17. Rc3 Rfc8 18. Rfc1 c6 19. Nf3 Rc7 20. Ne1 Rac8 {1-0 (78) Dmitrieva,G (2264)-Babulova,M (2162) ICCF email 2014}) 15. Qxa6 $16 Qxd2 16. b3 Rfd8 17. Rac1 c5 18. dxc5 bxc5 19. Rxc5 d4 20. exd4 Qxd4 21. Rc7 h6 22. h3 {[%emt 0:05:23] White is much more active.} Rd7 23. Rxd7 Qxd7 {[%emt 0:00:03][%mdl 4096] Endgame KQR-KQR} 24. Rc1 Rd8 25. Qa5 Qe7 26. g3 Kh7 27. h4 Rd7 28. Re1 Qd6 29. Qe5 Qd2 30. Qe4+ Kg8 31. Kg2 Qd6 32. Re3 Rd8 33. Rc3 g6 (33... a5 $16 34. Qc6 Qd5+ 35. Qxd5 Rxd5) 34. Rc6 $18 Qd7 35. h5 Re8 36. Qf3 Re6 (36... gxh5 $142 37. Rxh6 Re6 38. Rxh5 Qc6) 37. Rxe6 Qxe6 38. hxg6 Qxg6 39. Qa8+ Kg7 40. Qxa7 {[%emt 0:00:00] White took control after the opening.  Weighted Error Value: White=0.04 (flawless) /Black=0.23 (precise)} 1-0

[Event "Croatian 1A League 2022"]
[Site "Porec"]
[Date "2022.09.28"]
[Round "5.5"]
[White "Franic, Milan"]
[Black "Jovanic, Ognjen"]
[Result "1/2-1/2"]
[ECO "D30"]
[WhiteElo "2365"]
[BlackElo "2507"]
[Annotator "TA"]
[PlyCount "53"]
[EventDate "2022.09.24"]
[EventType "team-tourn"]
[EventCountry "CRO"]
[SourceTitle "playchess.com"]
[Source "ChessBase"]
[SourceQuality "1"]
[TimeControl "40/5400+30:1800+30"]

1. d4 d5 2. Nf3 Nf6 3. e3 c5 4. dxc5 e6 5. a3 Bxc5 6. c4 O-O 7. b4 Be7 8. Bb2 b6 9. Nbd2 {[%emt 0:04:24] The position is equal.} Bb7 {[%emt 0:00:16] D30: Queen's Gambit Declined: Systems without Nc3.} 10. Be2 Nbd7 11. O-O Rc8 12. Rc1 Rc7 {[%emt 0:04:26] [#]} 13. Bd3 $146 ({Predecessor:} 13. Nd4 Qa8 14. Nb5 Rcc8 15. cxd5 Nxd5 16. Nc4 N5f6 17. f3 Bd5 18. e4 Bxc4 19. Bxc4 {½-½ (51) Mikhalevski,V (2610)-Pavasovic,D (2574) Austria 2010}) 13... dxc4 14. Rxc4 Rxc4 15. Bxc4 Bd6 16. Qe2 Qb8 17. Rd1 Ne5 18. Nxe5 Bxe5 19. Nf1 Bxb2 20. Qxb2 Qc7 21. Be2 Rc8 22. f3 Nd5 23. Rd4 g6 24. Rc4 Qd8 25. Qd4 Rxc4 26. Bxc4 Qf6 27. Qxf6 {[%emt 0:01:04] A balanced but interesting game.  Weighted Error Value: White=0.05 (flawless) /Black=0.06 (flawless)} 1/2-1/2

[Event "Croatian 1A League 2022"]
[Site "Porec"]
[Date "2022.09.28"]
[Round "5.6"]
[White "Srbis, Jurica"]
[Black "Glavas, Dragan"]
[Result "1/2-1/2"]
[ECO "C01"]
[WhiteElo "2442"]
[BlackElo "2249"]
[Annotator "TA"]
[PlyCount "100"]
[EventDate "2022.09.24"]
[EventType "team-tourn"]
[EventCountry "CRO"]
[SourceTitle "playchess.com"]
[Source "ChessBase"]
[SourceQuality "1"]
[TimeControl "40/5400+30:1800+30"]

1. e4 e6 2. d4 d5 3. Nc3 Bb4 4. exd5 exd5 5. Bd3 Ne7 6. Qh5 g6 {[%emt 0:07:32] C01: French: Exchange Variation.} 7. Qf3 Nbc6 8. Nge2 (8. Bg5 {looks sharper.} h6 9. Bf6 Bxc3+ 10. bxc3 O-O 11. Qf4) 8... Bf5 {[%emt 0:04:26] [#]} 9. a3 $146 ({Predecessor:} 9. Bg5 Qd6 10. O-O f6 11. Nb5 Qd7 12. Bxf6 O-O 13. Bxe7 Nxe7 14. Qg3 c6 15. Nbc3 {½-½ (65) Hatzl,J (2118)-Zauner,C (1960) Austria 2015}) 9... Bxc3+ 10. bxc3 Qd7 11. O-O Bxd3 12. cxd3 O-O 13. Ng3 Kg7 {[%emt 0:04:45] Against Bh6+} 14. Re1 Rae8 15. Bf4 Ng8 16. Re3 Rxe3 17. fxe3 f6 18. Rf1 Nd8 19. e4 c6 20. Re1 {[%emt 0:12:16] White has more active pieces.} Re8 21. Nf1 Ne6 22. Bd2 Ne7 23. h4 f5 24. Ng3 Rf8 25. exd5 (25. Qe2 $14 dxe4 26. dxe4) 25... Nxd5 $11 26. h5 f4 (26... Nf6 $11) 27. Ne4 $16 Rf5 (27... Ndc7 $142) 28. hxg6 hxg6 {[%emt 0:00:24] [#]} 29. Qg4 (29. c4 $1 $16 Ndc7 30. Bc3) 29... Nf6 $11 30. Nxf6 Kxf6 31. Re4 g5 32. Qh3 Ng7 $2 (32... Kg6 $11 {and Black has nothing to worry.}) 33. Qh7 $2 (33. Qh6+ $18 Kf7 34. c4 (34. Qh7 Rb5 $11)) 33... Qf7 34. Re5 Rxe5 35. dxe5+ Kxe5 {[%emt 0:00:17][%mdl 4096] Endgame KQB-KQN} 36. c4 $1 Ke6 ({Don't do} 36... Kd6 37. Bc3 Qh5 38. c5+ (38. Qxg7 Qd1+ 39. Kf2 Qc2+ 40. Kf1 Qxd3+ 41. Kg1 Qd1+ 42. Kf2 Qc2+ 43. Kf1 Qd3+ 44. Ke1 Qe4+ 45. Kd1 Qd3+ 46. Kc1 Qxc4 $11) 38... Kxc5 39. Qxg7 Qd1+ 40. Kf2 Qc2+ 41. Kf3 (41. Kg1 Qd1+ 42. Kf2 Qc2+ 43. Kf3 Qxd3+ 44. Kg4 Qe2+ 45. Kf5 Qc2+ 46. Ke6 Kb6 $14) 41... Qxd3+ 42. Kg4 $14) 37. Qe4+ Kd7 38. Qd4+ Ke8 ({But not} 38... Kc8 39. Qxa7 Qc7 40. Ba5 $14) 39. Bb4 Ne6 40. Qxa7 Qd7 41. Qb8+ Kf7 42. Bd6 {[%emt 0:07:36] [#]} (42. Bc3 $11 {keeps the balance.}) 42... c5 (42... Kg6 $1 $17 {[%cal Rg6f5] ...Kf5 is the strong threat.} 43. Be5 Qd8) 43. Be5 {[%emt 0:04:42] The position is equal.} Qxd3 {[%emt 0:04:48] aiming for ...Qe3+.} 44. Qxb7+ Kg6 {[%emt 0:00:09] Threatens to win with ...Qe3+.} 45. Qd5 Qe3+ 46. Kh2 Nd4 47. Bxd4 cxd4 48. Qg8+ Kf6 49. Qf8+ Kg6 50. Qg8+ Kf6 {[%emt 0:00:17] Weighted Error Value: White=0.16 (very precise) /Black=0.18 (very precise)} 1/2-1/2

[Event "Croatian 1A League 2022"]
[Site "Porec"]
[Date "2022.09.28"]
[Round "5.7"]
[White "Kadric, Denis"]
[Black "Cheparinov, Ivan"]
[Result "1/2-1/2"]
[ECO "B78"]
[WhiteElo "2561"]
[BlackElo "2686"]
[Annotator "TA"]
[PlyCount "60"]
[EventDate "2022.09.24"]
[EventType "team-tourn"]
[EventCountry "CRO"]
[SourceTitle "playchess.com"]
[Source "ChessBase"]
[SourceQuality "1"]
[TimeControl "40/5400+30:1800+30"]

1. e4 c5 2. Nc3 Nc6 3. Nge2 g6 4. d4 cxd4 5. Nxd4 Bg7 6. Be3 Nf6 7. Bc4 O-O 8. Bb3 d6 9. f3 Bd7 10. h4 h5 11. Qd2 Rc8 12. O-O-O Ne5 13. Kb1 Nc4 14. Bxc4 Rxc4 15. b3 Rc8 {[%emt 0:00:54] B78: Sicilian Dragon: Yugoslav Attack, 9 Bc4 Bd7 10 0-0-0 Rc8.} 16. Nde2 b5 {[%emt 0:03:13] The position is equal.} 17. Bh6 Qa5 {[%emt 0:01:39] [#] And now ...Bxh6 would win.} 18. Bxg7 (18. Nd5 {is interesting.} Qxd2 19. Nxe7+ Kh7 20. Bxd2 Rce8 21. Bf4) 18... Kxg7 19. Nd5 Qxd2 20. Rxd2 {[%emt 0:00:02] [#]} Nxd5 $146 ({Predecessor:} 20... Ng8 21. Rhd1 Bc6 22. Nd4 Bxd5 23. exd5 a6 24. Nc6 e5 25. c4 Rfe8 26. cxb5 axb5 {1-0 (52) Poehlmann,E-Sciupokas,A ICCF corr 1987}) 21. exd5 Rc5 22. Kb2 Rfc8 23. c3 a5 24. Re1 a4 25. Rd4 R5c7 26. Rb4 Rc5 27. Rd1 Kf8 28. Re4 Bf5 29. Rb4 (29. b4 $5 Rc4 30. Rxc4 Rxc4 31. Nd4 $11) 29... Bd7 30. Re4 Bf5 {[%emt 0:00:05] An even fight not without its subleties.  Weighted Error Value: White=0.07 (flawless) /Black=0.06 (flawless)} 1/2-1/2

[Event "Croatian 1A League 2022"]
[Site "Porec"]
[Date "2022.09.28"]
[Round "5.8"]
[White "Hracek, Zbynek"]
[Black "Saric, Ibro"]
[Result "1/2-1/2"]
[ECO "C43"]
[WhiteElo "2556"]
[BlackElo "2542"]
[Annotator "TA"]
[PlyCount "41"]
[EventDate "2022.09.24"]
[EventType "team-tourn"]
[EventCountry "CRO"]
[SourceTitle "playchess.com"]
[Source "ChessBase"]
[SourceQuality "1"]
[TimeControl "40/5400+30:1800+30"]

1. e4 e5 2. Nf3 Nf6 3. d4 Nxe4 4. dxe5 d5 5. Nbd2 Nxd2 6. Bxd2 {[%emt 0:00:13] C43: Petroff Defence: 3 d4.} Be7 7. Bd3 Na6 8. c3 Nc5 9. Bc2 Bg4 {[%emt 0:02:17] [#]} 10. Be3 $146 ({Predecessor:} 10. Qe2 Qd7 11. h3 Bh5 12. g4 Bg6 13. Nd4 Bxc2 14. Nxc2 O-O-O 15. O-O-O Qa4 16. Kb1 {1-0 (32) Kosintseva,N (2533)-Nebolsina,V (2310) Moscow 2010}) 10... Qd7 11. Qd4 Bh5 {[%emt 0:14:20] The position is equal.} 12. Rd1 c6 13. O-O Ne6 14. Qd2 Qc7 15. Rfe1 Bxf3 16. gxf3 Qxe5 17. f4 $1 Qh5 18. f5 Qg4+ 19. Kh1 Qf3+ 20. Kg1 Qg4+ 21. Kh1 {[%emt 0:00:04] A balanced but interesting game.  Weighted Error Value: White=0.05 (flawless) /Black=0.04 (flawless)} 1/2-1/2

[Event "Croatian 1A League 2022"]
[Site "Porec"]
[Date "2022.09.28"]
[Round "5.9"]
[White "Saric, Ante"]
[Black "Leventic, Ivan"]
[Result "1/2-1/2"]
[ECO "A33"]
[WhiteElo "2510"]
[BlackElo "2384"]
[Annotator "TA"]
[PlyCount "57"]
[EventDate "2022.09.24"]
[EventType "team-tourn"]
[EventCountry "CRO"]
[SourceTitle "playchess.com"]
[Source "ChessBase"]
[SourceQuality "1"]
[TimeControl "40/5400+30:1800+30"]

1. c4 c5 2. Nf3 Nc6 3. d4 cxd4 4. Nxd4 Nf6 5. Nc3 e6 6. Bf4 Nxd4 {[%emt 0:03:48] A33: Symmetrical English: 2 Nf3 Nf6 3 d4 cxd4 4 Nxd4 e6 5 Nc3 Nc6.} 7. Qxd4 b6 8. e4 Bc5 {[%emt 0:07:32] White is slightly better.} 9. Qd2 {[%emt 0:04:13] [#]} d6 $146 ({Predecessor:} 9... O-O 10. e5 Ng4 11. Ne4 f6 12. Nxc5 bxc5 13. exf6 Nxf6 14. Bd3 e5 15. Bg3 Bb7 {½-½ (52) Schmidt,J (2058)-Mueller,H (2136) GER email 2014}) 10. O-O-O Bb7 11. f3 e5 12. Be3 O-O 13. Kb1 a6 14. Na4 Bxe3 15. Qxe3 Rb8 16. Qd2 b5 17. Nc3 b4 18. Ne2 Qa5 19. Ng3 Rfd8 20. Nf5 {[%emt 0:05:39] [#]} (20. Bd3 $11) 20... Bxe4+ $1 $17 21. fxe4 Nxe4 22. Qc2 {[%emt 0:06:36] [#]} Nc3+ 23. bxc3 bxc3+ 24. Ka1 {[%emt 0:00:02] Strongly threatening Ne7+.} Rb2 25. Qxb2 cxb2+ 26. Kb1 Kf8 27. Ne3 {[%emt 0:05:55] Inhibits d5.} Rb8 (27... Qc5 $17 28. Nd5 f5) 28. Bd3 g6 29. Bc2 {[%emt 0:01:34] Weighted Error Value: White=0.17 (very precise) /Black=0.13 (very precise)} 1/2-1/2

[Event "Croatian 1A League 2022"]
[Site "Porec"]
[Date "2022.09.28"]
[Round "5.10"]
[White "Zivkovic, Vjekoslav"]
[Black "Plenca, Julijan"]
[Result "1/2-1/2"]
[ECO "C54"]
[WhiteElo "2364"]
[BlackElo "2447"]
[Annotator "TA"]
[PlyCount "130"]
[EventDate "2022.09.24"]
[EventType "team-tourn"]
[EventCountry "CRO"]
[SourceTitle "playchess.com"]
[Source "ChessBase"]
[SourceQuality "1"]
[TimeControl "40/5400+30:1800+30"]

1. e4 e5 2. Nf3 Nc6 3. Bc4 Bc5 4. d3 Nf6 5. Bg5 h6 6. Bh4 g5 7. Bg3 d6 8. c3 $1 {[%emt 0:04:10][%mdl 4] is more profitable than 8.h3 at the moment.} Bb6 {[%emt 0:01:29] C54: Giuoco Piano: 4 c3 Nf6, main lines with 5 d4 and 5 d3.} 9. Nbd2 {[%emt 0:01:10] [#]} g4 $146 (9... O-O $11) ({Predecessor:} 9... Nh7 10. b4 Qf6 11. Bb3 h5 12. h4 g4 13. Ng1 Be6 14. Ne2 a5 15. b5 Ne7 16. Bxe6 fxe6 {1-0 (53) Demchenko,A (2654)-Batsiashvili,N (2491) Chess.com INT 2022}) 10. Nh4 (10. Bh4 $16) 10... Ne7 (10... Nh5 $11 {keeps the balance.}) 11. Qb3 Rf8 ({Black should play} 11... O-O $14) 12. O-O-O {[%emt 0:02:15][%cal Od3d4] d4! is the strong threat.} c6 (12... Nc6 $16 {is a better defense.}) 13. Rhe1 (13. d4 $1 $18 {[%cal Rd4e5] is the precise move to win.} Qc7 14. Rhe1) 13... Nh5 $16 14. d4 {[%emt 0:00:06] White is more active.} Nxg3 15. hxg3 exd4 16. Nf5 (16. cxd4 $142 Qc7 17. Qd3) 16... Nxf5 $11 (16... Bxf5 17. exf5 Kd7 18. Bxf7 $14) 17. exf5+ Kd7 18. Bxf7 Kc7 19. Be6 Qg5 20. Kb1 (20. cxd4 $15 Bxe6 21. Qxe6) 20... Bxe6 $17 21. fxe6 d5 (21... Rae8 $17 22. cxd4 (22. Ne4 $2 Qf5 $19) 22... d5) 22. f4 Qf5+ 23. Ka1 Rae8 24. Re5 ({Don't play} 24. e7 Rf7 25. cxd4 Qf6 $17) 24... Qg6 25. Rde1 Qd3 26. Nf1 Rf6 27. Rd1 $1 Qa6 28. f5 dxc3 29. Qxc3 {[%emt 0:00:25] Hoping for Rexd5.} Kb8 {[%emt 0:05:15] [#]} (29... Qc4 $1 $11) 30. Rexd5 $1 $16 Rfxe6 31. Rd7 $1 Re4 {[%emt 0:04:30] [#]} 32. f6 $1 Ba5 $2 (32... Qe2 $16 {was worth a try.}) 33. Qc1 Rc8 34. f7 {[%emt 0:01:52] Threatens to win with Nd2.} c5 $2 (34... Qc4 35. Qxh6 Bb4) 35. Nd2 $18 ({Weaker is} 35. Rd8 Bxd8 36. f8=Q Bg5 37. Qcxc5 Rxf8 38. Qxf8+ Kc7 $11) 35... Ra4 {[%emt 0:01:19][%cal Oa4a2] aiming for ...Rxa2+!} 36. a3 Qe6 {[%emt 0:01:11] [#]} 37. Nb1 $1 {[%emt 0:00:24] Strongly threatening R1d6.} Rc4 38. Nc3 a6 (38... Bc7 $142 39. R1d3 Rd4 40. Rxc7 Kxc7) 39. Qc2 $2 (39. R1d6 $18 Qf5 40. Re7) 39... Rd4 $1 $132 {[%emt 0:00:59][%mdl 2048] Black is not keeping still. The position is equal.} 40. R1xd4 (40. R7xd4 {seems wilder.} cxd4 41. Rf1 dxc3 42. f8=Q) 40... cxd4 41. Rxd4 {[%emt 0:01:07] Black must now prevent Qf2.} Qxf7 42. Rxg4 Bxc3 43. bxc3 {[%emt 0:00:05][%mdl 4096] Endgame KQR-KQR} Rc6 44. Rb4 Qg7 45. Qb2 Ka8 {[%emt 0:01:38][%mdl 1024] Black has compensation.} 46. Ka2 Qf7+ 47. Ka1 (47. Qb3 $5 Qd7 48. g4 $11) 47... Re6 48. Qd2 Qe7 49. Qd5 Re2 50. Qd4 Re1+ 51. Ka2 $1 Qe6+ 52. c4 Re2+ 53. Rb2 Re4 54. Qd5 Qxd5 55. cxd5 {[%emt 0:00:01] KR-KR} Rd4 56. Rb6 Rxd5 57. Rxh6 Rd2+ 58. Kb3 Rd3+ 59. Kb2 Rxg3 60. Rh2 Ka7 61. Ka2 Kb6 62. Kb2 Ka5 63. Ka2 b5 64. Rh6 Rxg2+ 65. Kb3 Rg3+ {[%emt 0:00:35] Black escapes into a draw.  Weighted Error Value: White=0.21 (precise) /Black=0.30} 1/2-1/2

[Event "Croatian 1A League 2022"]
[Site "Porec"]
[Date "2022.09.28"]
[Round "5.11"]
[White "Plenca, Jadranko"]
[Black "Medak, Bojan"]
[Result "1/2-1/2"]
[ECO "C42"]
[WhiteElo "2412"]
[BlackElo "2353"]
[Annotator "TA"]
[PlyCount "32"]
[EventDate "2022.09.24"]
[EventType "team-tourn"]
[EventCountry "CRO"]
[SourceTitle "playchess.com"]
[Source "ChessBase"]
[SourceQuality "1"]
[TimeControl "40/5400+30:1800+30"]

1. e4 e5 2. Nf3 Nf6 3. Nxe5 d6 4. Nf3 Nxe4 5. Nc3 Nxc3 6. dxc3 Be7 7. Be3 Nc6 8. Qd2 Be6 9. O-O-O Qd7 10. Ng5 Bxg5 11. Bxg5 O-O 12. Kb1 {[%emt 0:11:14] [#] C42: Petroff Defence: 3 Nxe5 and unusual White 3rd moves.} Rfe8 $146 ({Predecessor:} 12... Rae8 13. f3 Ne5 14. h4 Bf5 15. h5 h6 16. Bf4 Bh7 17. Be2 f6 18. g4 Kh8 {0-1 (63) Martinez Alcantara,J (2620)-Ter Sahakyan,S (2640) Chess.com INT 2021}) 13. h4 f6 14. Bf4 Ne5 15. Be2 Qf7 (15... Nc4 $11 16. Qc1 Qb5) 16. b3 $14 a5 {[%emt 0:02:46] Black did not feel at home in the position after the opening.  Weighted Error Value: White=0.08 (flawless) /Black=0.14 (very precise)} 1/2-1/2

[Event "Croatian 1A League 2022"]
[Site "Porec"]
[Date "2022.09.28"]
[Round "5.12"]
[White "Mrkonjic, Nenad"]
[Black "Cotic, Borna"]
[Result "1/2-1/2"]
[ECO "D37"]
[WhiteElo "2347"]
[BlackElo "2133"]
[Annotator "TA"]
[PlyCount "112"]
[EventDate "2022.09.24"]
[EventType "team-tourn"]
[EventCountry "CRO"]
[SourceTitle "playchess.com"]
[Source "ChessBase"]
[SourceQuality "1"]
[TimeControl "40/5400+30:1800+30"]

1. d4 d5 2. c4 e6 3. Nc3 Nf6 4. Nf3 Be7 5. Bf4 O-O 6. e3 Nbd7 7. Be2 c5 {[%emt 0:08:11] D37: Queen's Gambit Declined: 5 Bf4.} 8. cxd5 Nxd5 9. Nxd5 exd5 {[%emt 0:00:02] White has an edge.} 10. O-O a6 11. dxc5 Nxc5 12. Be5 Bf5 13. Rc1 Rc8 14. Nd4 Bd7 {[%emt 0:30:12] [#]} 15. Nf3 $146 {[%emt 0:16:02] White has more active pieces.} (15. Bf3 $5 ) ({Predecessor:} 15. Bf3 Ne4 16. Rxc8 Bxc8 17. Qc2 Ng5 18. Be2 Re8 19. Rc1 Bf8 20. Qc7 Ne4 21. Qxd8 Rxd8 22. Rc7 {½-½ (54) Girya,O (2437)-Khotenashvili,B (2512) Belgrade 2013}) 15... Bf5 16. h3 Re8 17. Qd4 Ne6 18. Qd2 Be4 19. Rxc8 Qxc8 20. Rc1 Qd7 21. Nd4 Rc8 22. Bg4 Rxc1+ 23. Qxc1 Nxd4 24. Bxd4 Qc6 25. Qxc6 bxc6 $11 {[%emt 0:00:01][%mdl 4096] Endgame KBB-KBB} 26. Be2 a5 27. Bb6 a4 28. Bd1 a3 29. bxa3 Bxa3 30. Ba5 c5 31. Bf3 Bxf3 32. gxf3 $15 {[%emt 0:00:01] KB-KB} f5 33. Kf1 Kf7 34. Ke2 Ke6 35. Kd3 Kd6 36. Bc3 (36. Kc3 $11) 36... c4+ $17 37. Kc2 g6 38. f4 Kc6 39. Bb2 Be7 40. a4 {[%emt 0:00:00] [#]} Bh4 $1 41. f3 {[%emt 0:02:23] [#]} Kc5 (41... Kb6 $1 $17 {[%cal Rb6a5] aiming for ...Ka5.} 42. Bc3 Be7) 42. Ba3+ $15 Kb6 {[%emt 0:00:04] Threatens to win with ...Ka5.} 43. Bb4 Bf6 44. Kd2 Kc6 45. Kc2 Bd8 46. Kc3 Bb6 (46... g5 $17 47. fxg5 Bxg5) 47. Kd2 (47. e4 $5) 47... Ba7 48. Ke2 Bc5 49. Bc3 Kb6 50. Kd2 Ka6 51. Ke2 Bb6 52. Bb4 Ba5 53. Be7 Bc3 {[%emt 0:02:24] Strongly threatening ...Ka5.} 54. Bd8 Ba5 55. Be7 Bc3 {[%emt 0:00:54] White must now prevent ...Ka5.} 56. Bd8 Ba5 {[%emt 0:00:04] Weighted Error Value: White=0.10 (very precise) /Black=0.10 (very precise)} 1/2-1/2

[Event "Croatian 1A League 2022"]
[Site "Porec"]
[Date "2022.09.28"]
[Round "5.13"]
[White "Kozul, Zdenko"]
[Black "Shevchenko, Kirill"]
[Result "0-1"]
[ECO "D10"]
[WhiteElo "2549"]
[BlackElo "2645"]
[Annotator "TA"]
[PlyCount "46"]
[EventDate "2022.09.24"]
[EventType "team-tourn"]
[EventCountry "CRO"]
[SourceTitle "playchess.com"]
[Source "ChessBase"]
[SourceQuality "1"]
[TimeControl "40/5400+30:1800+30"]

1. d4 Nf6 2. c4 c6 3. Nc3 d5 4. e3 Bf5 5. cxd5 cxd5 6. Qb3 Nc6 $1 {[%emt 0:00:24][%mdl 4] is recently more successful than 6...Bc8. D10: Slav Defence: 3 cxd5 (without early Nf3) and 3 Nc3.} 7. Qxb7 Bd7 $1 {[%emt 0:00:20] Threatens to win with ...Rb8.} 8. Qb3 Rb8 {[%emt 0:00:32] White has an edge.} 9. Qd1 e5 10. Nf3 Bd6 {[%emt 0:01:32] [#]} 11. a3 $146 ({Predecessor:} 11. dxe5 Nxe5 12. Be2 O-O 13. O-O Qe7 14. a4 Rfc8 15. g3 Bh3 16. Re1 Bb4 17. Nxe5 Qxe5 {½-½ (46) Markus,R (2609)-Guseinov,G (2665) Terme Catez 2021}) 11... O-O 12. b4 (12. dxe5 $11 {feels stronger.} Nxe5 13. Be2) 12... exd4 $1 $15 13. exd4 Re8+ 14. Be2 Ne4 $1 15. Nxd5 (15. Bd2 $17 {was worth a try.}) 15... Ne7 $1 $19 16. Ne3 {[%emt 0:02:14] [#]} Nc3 $1 17. Qd2 (17. Qb3 Nxe2 18. Kxe2) 17... Nxe2 ({Inferior is} 17... Ned5 18. Bd3 $11) 18. Qxe2 {[%emt 0:00:09] [#]} Bb5 $1 19. Qd2 Nd5 20. g3 Qf6 {[%emt 0:02:00] Against Ne5. ( -> ...Nxe3)} 21. Ne5 Bxe5 22. dxe5 Qf3 23. Rg1 Rbd8 {[%emt 0:00:14] Black took control after the opening.  Weighted Error Value: White=1.29/Black=0.00 (flawless)} 0-1

[Event "Croatian 1A League 2022"]
[Site "Porec"]
[Date "2022.09.28"]
[Round "5.14"]
[White "Erdos, Viktor"]
[Black "Stevic, Hrvoje"]
[Result "1/2-1/2"]
[ECO "C58"]
[WhiteElo "2597"]
[BlackElo "2565"]
[Annotator "TA"]
[PlyCount "34"]
[EventDate "2022.09.24"]
[EventType "team-tourn"]
[EventCountry "CRO"]
[SourceTitle "playchess.com"]
[Source "ChessBase"]
[SourceQuality "1"]
[TimeControl "40/5400+30:1800+30"]

1. e4 e5 2. Nf3 Nc6 3. Bc4 Nf6 4. Ng5 d5 5. exd5 Na5 6. Bb5+ Bd7 7. Qe2 Be7 8. Nf3 {[%emt 0:04:27] C58: Two Knights: 4 Ng5 d5 5 exd5 Na5 sidelines.} Nxd5 9. Bxd7+ Qxd7 10. Nxe5 Qe6 11. d4 {[%emt 0:35:46] [#] White got outplayed after the opening.  Weighted Error Value: White=0.00 (flawless) /Black=0.00 (flawless)} {Predecessor:} O-O-O $146 12. Bd2 Nb4 13. Be3 Nac6 14. Nxc6 Qxc6 15. Nc3 Qxg2 16. O-O-O Nd5 17. Nxd5 Qxd5 {½-½ (24) Pytlik,L (2361)-Vozda,J (2494) ICCF email 2004} 1/2-1/2

[Event "Croatian 1A League 2022"]
[Site "Porec"]
[Date "2022.09.28"]
[Round "5.15"]
[White "Palac, Mladen"]
[Black "Muse, Drazen"]
[Result "1/2-1/2"]
[ECO "C41"]
[WhiteElo "2516"]
[BlackElo "2311"]
[Annotator "TA"]
[PlyCount "57"]
[EventDate "2022.09.24"]
[EventType "team-tourn"]
[EventCountry "CRO"]
[SourceTitle "playchess.com"]
[Source "ChessBase"]
[SourceQuality "1"]
[TimeControl "40/5400+30:1800+30"]

1. e4 e5 2. Nf3 d6 3. d4 exd4 4. Nxd4 Nf6 5. Nc3 Be7 6. g3 O-O 7. Bg2 {[%emt 0:00:04] C41: Philidor Defence.} Re8 8. O-O Bf8 9. h3 {[%emt 0:03:05] White is slightly better.} c6 10. g4 Na6 {[%emt 0:00:09][%cal Bb8a6,Ba6c5,Bc5e6][%mdl 32] 10...a5 is the recent fashion.} 11. Bg5 Nc5 12. Re1 Ne6 13. Be3 Nc5 14. Bf4 Ne6 15. Bg3 {[%emt 0:00:40] [#]} Nd7 $146 ({Predecessor:} 15... Qb6 16. Nb3 a5 17. a4 Nc5 18. Nxc5 Qxc5 19. Qd2 Be6 20. Ne2 d5 21. e5 Ne4 22. Bxe4 dxe4 23. Nc3 Rad8 {0-1 (56) Sukovic,A (2282)-Popchev,M (2262) Novi Sad 2021}) 16. Nb3 ({Better is} 16. Nxe6 $14 Rxe6 17. Ne2) 16... Ne5 (16... h5 $1 $11) 17. f4 $14 Nc4 18. f5 Nc7 19. Qd4 Ne5 20. Rad1 {[%emt 0:00:01] [#] Black must now prevent Bxe5.} Qe7 21. a4 b6 22. Qf2 Na6 23. Ne2 {[%emt 0:04:16] White is more active.} Nc5 24. Nxc5 bxc5 25. Nf4 Ba6 26. Bf1 Bxf1 27. Kxf1 Qb7 28. b3 c4 29. bxc4 {[%emt 0:04:32] Weighted Error Value: White=0.12 (very precise) /Black=0.07 (flawless)} 1/2-1/2